 Dungeon Crawl Stone Soup version 0.30-a0-986-g7f2e898f52 (webtiles) character file.

Game seed: 15715254314882600173

95 Darkkill the Shooter (level 4, -3/38 HPs)
             Began as a Minotaur Hunter on Apr 1, 2023.
             Slain by a goblin
             ... wielding a +0 dagger
             ... led by Robin
              (4 damage)
             ... on level 3 of the Dungeon.
             The game lasted 00:02:20 (2260 turns).

Darkkill the Shooter (Minotaur Hunter)              Turns: 2260, Time: 00:02:21

Health: -3/38      AC:  3    Str: 16    XL:     4   Next: 40%
Magic:  3/3        EV: 12    Int:  6    God:
Gold:   68         SH:  0    Dex: 15    Spells: 3/3 levels left

rFire   . . .      SeeInvis .    a - +0 shortbow
rCold   . . .      Faith    .    (shield currently unavailable)
rNeg    . . .      Spirit   .    c - +0 leather armour
rPois   .          Reflect  .    (helmet restricted)
rElec   .          Rampage  .    (no cloak)
rCorr   .                        (no gloves)
Will    .....                    (no boots)
Stlth   ++                       (no amulet)
HPRegen 0.26/turn                (no ring)
MPRegen 0.08/turn                (no ring)

@: no status effects
A: horns 2, retaliatory headbutt
a: no special abilities


You were on level 3 of the Dungeon.
You visited 1 branch of the dungeon, and saw 3 of its levels.

You collected 68 gold pieces.

Inventory:

Hand Weapons
 a - a +0 shortbow (weapon)
Missiles
 d - 30 stones
 e - 3 poisoned darts
 h - 3 boomerangs
Armour
 c - a +0 leather armour (worn)
Scrolls
 b - a scroll of immolation
Potions
 f - a potion of mutation {unknown}
 i - 2 potions of resistance {unknown}
 j - a potion of attraction {unknown}
 k - 2 potions of flight
 l - a potion of invisibility {unknown}


   Skills:
 + Level 3.5 Fighting
 + Level 5.0 Ranged Weapons
 + Level 3.2 Dodging
 + Level 1.9 Stealth


You had 3 spell levels left.
You didn't know any spells.
Your spell library contained the following spells:

 Spells                   Type           Power      Damage    Failure   Level
 Tukima's Dance           Hex            0%         N/A       88%         3
 Passage of Golubria      Tloc           0%         N/A       99%         4
 Yara's Violent Unravell  Hex/Tmut       0%         3d3       100%        5


Dungeon Overview and Level Annotations

Branches:
Dungeon (3/15)

Altars:
Dithmenos
Ru
Sif Muna
Trog
Vehumet

Shops:
D:3 (

Annotations:
D:3 Robin


Innate Abilities, Weirdness & Mutations

You have a pair of horns on your head.
You reflexively headbutt those who attack you in melee.


Message History

There is an open door here.
There is an open door here.
There is an open door here.
You open the large door.
A hobgoblin and 4 goblins come into view.
The goblin shouts! x2; The hobgoblin shouts!
The goblin shouts!
A goblin comes into view. It is wielding a +0 club.
You shoot an arrow. The arrow closely misses the goblin.
You hear a shout!
A goblin comes into view. It is wielding a +0 club.
You hear a shout!
There are monsters nearby!
You shoot an arrow. The arrow hits the goblin.
The goblin is moderately wounded.
A goblin comes into view. It is wielding a +0 club.
A goblin comes into view. It is wielding a +0 dagger.
You shoot an arrow. The arrow closely misses the goblin.
The arrow hits the goblin.
You kill the goblin!
You hear a shout!
Robin of the Strong Arm comes into view.
They are wielding a +0 dagger.
Robin throws the goblin at you! The goblin hits you with a +0 dagger.
A hobgoblin comes into view.
Fire: a) +0 shortbow
Press: ? - help, Q - select action, (/) - cycle Shift-Dir - straight line, f/p - goblin
Aim: a goblin, wielding a +0 dagger (moderately wounded, 55% to hit)
You shoot an arrow. The hobgoblin shouts!
The arrow hits the goblin.
You kill the goblin!
The goblin hits you with a +0 dagger. The hobgoblin misses you.
Your Ranged Weapons skill increases to level 5!
Fire: a) +0 shortbow
Press: ? - help, Q - select action, (/) - cycle Shift-Dir - straight line, f - hobgoblin
Aim: a hobgoblin (62% to hit)
You shoot an arrow. The arrow closely misses the hobgoblin.
The arrow hits the goblin.
The goblin is heavily wounded.
Robin roars a battlecry!
The goblins go into a battle-frenzy!
The goblin hits you with a +0 dagger.
The hobgoblin hits you but does no damage.
Fire: a) +0 shortbow
Press: ? - help, Q - select action, (/) - cycle Shift-Dir - straight line, f/p - hobgoblin
Aim: a hobgoblin (strong, 62% to hit)
You shoot an arrow. The arrow barely misses the hobgoblin.
The arrow hits the goblin.
You kill the goblin!
The goblin hits you with a +0 club. The hobgoblin barely misses you.
The goblin hits you with a +0 dagger.
Fire: a) +0 shortbow
Press: ? - help, Q - select action, (/) - cycle Shift-Dir - straight line, f/p - hobgoblin
Aim: a hobgoblin (strong, 62% to hit)
You shoot an arrow. The arrow closely misses the hobgoblin.
The goblin hits you but does no damage. The hobgoblin hits you.
The goblin hits you but does no damage. The hobgoblin hits you.
The goblin barely misses you. You furiously retaliate!
You headbutt the goblin!
You kill the goblin!
The goblin barely misses you.
Fire: a) +0 shortbow
Press: ? - help, Q - select action, (/) - cycle Shift-Dir - straight line, f/p - hobgoblin
Aim: a hobgoblin (strong, 62% to hit)
You shoot an arrow. The arrow hits the hobgoblin.
The hobgoblin is severely wounded.
The goblin barely misses you.
Fire: a) +0 shortbow
Press: ? - help, Q - select action, (/) - cycle Shift-Dir - straight line, f/p - hobgoblin
Aim: a hobgoblin (severely wounded, strong, 62% to hit)
You shoot an arrow. The arrow closely misses the hobgoblin.
The arrow barely misses Robin.
Robin says, "Bow before me, strongest of all the hobgoblins!"
The hobgoblin barely misses you. You furiously retaliate!
You headbutt the hobgoblin!
You kill the hobgoblin!
The goblin hits you but does no damage. The goblin hits you with a +0 dagger.
The goblin hits you with a +0 club.
Fire: a) +0 shortbow
Press: ? - help, Q - select action, (/) - cycle Shift-Dir - straight line, f - goblin
Aim: a goblin, wielding a +0 club (strong, 55% to hit)
You shoot an arrow. The arrow closely misses the goblin.
The goblin misses you. The goblin barely misses you.
The goblin hits you with a +0 dagger. The goblin hits you with a +0 club.
* * * LOW HITPOINT WARNING * * *
Robin throws the goblin at you! The goblin hits you but does no damage.
The goblin hits you with a +0 club.
* * * LOW HITPOINT WARNING * * *
The goblin closely misses you. You furiously retaliate!
You headbutt the goblin.
You kill the goblin!
The goblin hits you with a +0 dagger.
* * * LOW HITPOINT WARNING * * *
Fire: a) +0 shortbow
Press: ? - help, Q - select action, (/) - cycle Shift-Dir - straight line, f - hobgoblin
Aim: a hobgoblin (strong, 62% to hit)
You shoot an arrow. The arrow hits the hobgoblin.
You kill the hobgoblin!
The goblin hits you with a +0 dagger.
* * * LOW HITPOINT WARNING * * *
The goblin misses you. The goblin hits you with a +0 dagger.
You die...

*********###########
#≈≈*,,,*,...).)'...#
#≈≈*,,,+,......ggg.#
#≈≈####*,,,,,,,#@g.#
#≈≈...##########.).#
#≈≈...#............#
#≈≈.).#............#
#≈≈..##'##.....##'##
#≈≈..#...#.....#...#
#≈≈..#...#.....#...#
#≈≈..#...#.)...#...#
#≈≈..##'##.....##'##


You could see Robin and 3 goblins.

Vanquished Creatures
  An adder (D:3)
  2 worms (D:2)
  A dart slug (D:1)
  5 orcs (D:3)
  6 endoplasms
  2 giant cockroaches
  6 hobgoblins
  5 jackals
  2 quokkas
  3 ball pythons
  5 bats
  2 frilled lizards
  17 goblins
  2 kobolds (D:2)
  7 rats
66 creatures vanquished.

Notes
Turn   | Place    | Note
-------+----------+-------------------------------------------
     0 | D:1      | Darkkill the Minotaur Hunter began the quest for the Orb.
     0 | D:1      | Reached XP level 1. HP: 18/18 MP: 0/0
   158 | D:1      | Reached skill level 1 in Stealth
   195 | D:1      | Reached XP level 2. HP: 25/25 MP: 1/1
   858 | D:2      | Reached XP level 3. HP: 31/31 MP: 2/2
  1148 | D:2      | Found a shimmering blue altar of Sif Muna.
  1576 | D:3      | Found a radiant altar of Vehumet.
  1603 | D:3      | Found Hikkireg's Antique Weapon Shop.
  1638 | D:3      | Found a bloodstained altar of Trog.
  1638 | D:3      | Found a shadowy altar of Dithmenos.
  1639 | D:3      | Found a sacrificial altar of Ru.
  1748 | D:3      | Reached XP level 4. HP: 38/38 MP: 3/3
  2252 | D:3      | Noticed Robin
  2254 | D:3      | Reached skill level 5 in Ranged Weapons
  2259 | D:3      | HP: 6/38 [goblin/+0 club[Robin] (3)]
  2260 | D:3      | HP: 1/38 [goblin/+0 dagger[Robin] (2)]
  2260 | D:3      | Slain by a goblin

Illustrated notes

Levels and vault maps discovered:
D:1:      psy_arrival_terrarium, layout_basic
D:2:      layout_loops_corners, basic_altar, columned_hall_lemuel,
          bh_walls_and_bars
D:3:      kennysheep_goblin_castle, layout_loops_ring,
          chequers_temple_overflow_statue_of_worship, vehumet_crystals,
          serial_shops, shop_statue

Skill      XL: |  1  2  3  4 |
---------------+-------------+-----
Stealth        | 1 |  1.9
Fighting       | 3 |  3.5
Dodging        | 3 |  3.2
Ranged Weapons | 5 |  5.0

Action                     |  1- 3 |  4- 6 || total
---------------------------+-------+-------++-------
   Fire: Shortbow          |   118 |    34 ||   152
    Use: Scroll            |     4 |     5 ||     9
 Armour: Leather armour    |    14 |    10 ||    24
  Dodge: Dodged            |    24 |    19 ||    43

Table legend: (Time is in decaauts)
 A = Elapsed time spent in this place.
 B = Non-inter-level travel time spent in this place.
 C = Inter-level travel time spent in this place.
 D = Time resting spent in this place.
 E = Time spent auto-exploring this place.
 F = Levels seen in this place.
 G = Mean time per level.
                   A        B        C        D        E       F      G
               +--------+--------+--------+--------+--------+-----+--------+
         Total |   2305 |   2252 |     53 |    123 |   1811 |   3 |  768.3 |
       Dungeon |   2305 |   2252 |     53 |    123 |   1811 |   3 |  768.3 |
               +--------+--------+--------+--------+--------+-----+--------+

Top non-repeatable levels by time:
     D:2: 845 daAuts
     D:3: 754 daAuts
     D:1: 705 daAuts

Table legend:
 A = Kills in this place as a percentage of kills in the entire game.
 B = Kills by you in this place as a percentage of kills by you in the entire game.
 C = Kills by friends in this place as a percentage of kills by friends in the entire game.
 D = Other kills in this place as a percentage of other kills in the entire game.
 E = Experience gained in this place as a percentage of experience gained in the entire game.
 F = Experience gained in this place divided by the number of levels of this place that you have seen.
                   A       B       C       D       E      F
               +-------+-------+-------+-------+-------+----------------------
         Total | 100.0 | 100.0 |   N/A |   N/A | 100.0 |  46.3
       Dungeon | 100.0 | 100.0 |   N/A |   N/A | 100.0 |  46.3
               +-------+-------+-------+-------+-------+----------------------
